 Dungeon Crawl Stone Soup version 0.32-a0-960-g3814254bd7 (webtiles) character file.

Game seed: 4303738591003219839

1029 Ajdolov the Thaumaturge (level 8, -17/52 HPs)
             Began as a Mummy Ice Elementalist on Apr 17, 2024.
             Killed from afar by a steam dragon (21 damage)
             ... with a ball of steam
             ... on level 6 of the Dungeon.
             The game lasted 00:08:29 (4520 turns).

Ajdolov the Thaumaturge (Mummy Ice Elementalist)    Turns: 4520, Time: 00:08:29

Health: -17/52     AC:  5    Str: 12    XL:     8   Next: 3%
Magic:  15/20      EV: 11    Int: 16    God:
Gold:   255        SH:  0    Dex: 12    Spells: 13/23 levels left

rFire   x . .        e - +2 whip (venom)
rCold   + . .        (no shield)
rNeg    + + +        a - +0 robe
rPois   ∞            m - +1 helmet
rElec   .            (no cloak)
rCorr   .            o - +0 pair of gloves
SInv    .            (no boots)
Will    +....        n - amulet of regeneration
Stlth   ++           (no ring)
HPRegen 0.28/turn    (no ring)
MPRegen 0.17/turn

%: faith
@: no status effects
A: cold resistance 1, negative energy resistance 3, torment resistance 2, heat
vulnerability 1, in touch with death 1, no potions, faith
a: no special abilities


You were on level 6 of the Dungeon.
You visited 1 branch of the dungeon, and saw 6 of its levels.

You collected 255 gold pieces.

Inventory:

Hand Weapons
 e - a +2 whip of venom (weapon)
Armour
 a - a +0 robe (worn)
 m - a +1 helmet (worn)
 o - a +0 pair of gloves (worn)
Jewellery
 f - a ring of protection from cold
 k - a ring of protection from cold
 n - an amulet of regeneration (around neck)
Wands
 p - a wand of flame (19)
Scrolls
 b - 2 scrolls of identify
 c - a scroll of silence
 d - a scroll of teleportation
 g - 3 scrolls of revelation
 h - a scroll of blinking
 i - a scroll of poison
 j - a scroll of fog
 l - a scroll of fear
 q - 2 scrolls of immolation


   Skills:
 - Level 1.5 Dodging
 - Level 1.5 Stealth
 - Level 8.0 Spellcasting
 + Level 6.6 Ice Magic


You had 13 spell levels left.
You knew the following spells:

 Your Spells              Type           Power      Damage    Failure   Level
a - Freeze                Ice            100%       1d10      1%          1
b - Frozen Ramparts       Ice            54%        1d9       2%          3
c - Ozocubu's Armour      Ice            27%        N/A       2%          3
d - Summon Ice Beast      Ice/Summ       17%        N/A       9%          3

Your spell library contained the following spells:

 Spells                   Type           Power      Damage    Failure   Level
 Alistair's Intoxication  Alch           4%         N/A       97%         5
 Borgnjor's Vile Clutch   Necr/Erth      4%         N/A       97%         5
 Eringya's Noxious Bog    Alch           3%         4d6       100%        6


Dungeon Overview and Level Annotations

Branches:
Dungeon (6/15)
 Temple: D:4-7

Altars:
Cheibriados
Okawaru
Qazlal
Ru

Shops:
D:4 *


Innate Abilities, Weirdness & Mutations

You are immune to poison.
Your flesh is cold resistant. (rC+)
You are immune to negative energy. (rN+++)
You are immune to unholy pain and torment.
You are vulnerable to heat. (rF-)
You are in touch with the powers of death.
You do not drink.
You have a special connection with the divine. (Faith)


Message History

The steam dragon closely misses you.
The steam dragon claws you but does no damage.
You hit the steam dragon but do no damage.
The steam dragon is poisoned.
The steam dragon is lightly wounded.
The wall freezes the steam dragon.
The steam dragon bites you!
* * * LOW HITPOINT WARNING * * *
The steam dragon claws you.
* * * LOW HITPOINT WARNING * * *
Your ice beast misses the steam dragon.
Unknown command.
You completely miss the steam dragon.
The steam dragon is moderately wounded.
The wall freezes the steam dragon.
The steam dragon misses you.
The steam dragon claws you but does no damage.
Your ice beast hits the steam dragon but does no damage.
Unknown command.
You closely miss the steam dragon.
The steam dragon is moderately wounded.
The wall freezes the steam dragon.
The steam dragon barely misses you. The steam dragon closely misses you.
Your ice beast hits the steam dragon but does no damage.
Unknown command.
You hit the steam dragon.
The steam dragon is heavily wounded.
The wall freezes the steam dragon.
The steam dragon misses you.
The steam dragon claws you but does no damage.
Your ice beast closely misses the steam dragon.
Unknown command.
You hit the steam dragon but do no damage.
The steam dragon is severely wounded.
The wall freezes the steam dragon!
The steam dragon bites you!
* * * LOW HITPOINT WARNING * * *
The steam dragon claws you.
* * * LOW HITPOINT WARNING * * *
Your ice beast hits the steam dragon but does no damage.
The frozen ramparts melt away as you move.
The steam dragon breathes steam at you. The ball of steam hits you!!
The steam scalds you terribly!
You die...

##. . ... ..### D.#
.....## ..# #....
..# #....## ..#
####.@####.#
#..##.D##..#### #.#
##Y.......# #.#
##.##....... #<#
#..# ...##.. ##.##
#..# ...# .
#####...###.## ...#
.......!.#...###...#
.....###.......#...#


You could see a steam dragon (poisoned, catching breath, ally target) and a
friendly ice beast (summoned).

Vanquished Creatures
  A troll (D:5)
  A black bear (D:5)
  An ogre (D:4)
  2 hounds
  A jelly (D:5)
  An orc priest (D:5)
  A sleepcap (D:5)
  2 iguanas (D:4)
  Robin (D:4)
  2 gnolls
  11 adders
  3 dart slugs
  A ribbon worm (D:5)
  10 orcs
  4 bats
  12 endoplasms
  3 giant cockroaches
  14 goblins
  11 hobgoblins
  A jackal (D:3)
  8 kobolds
  A quokka (D:1)
  8 ball pythons
  3 frilled lizards
  2 rats
105 creatures vanquished.

Vanquished Creatures (collateral kills)
  Grinder (D:4)
1 creature vanquished.

Grand Total: 106 creatures vanquished

Notes
Turn   | Place    | Note
-------+----------+-------------------------------------------
     0 | D:1      | Ajdolov the Mummy Ice Elementalist began the quest for the
                  | Orb.
     0 | D:1      | Reached XP level 1. HP: 13/13 MP: 4/4
   225 | D:1      | Reached skill level 3 in Spellcasting
   304 | D:1      | Reached XP level 2. HP: 18/19 MP: 0/6
   703 | D:2      | Reached XP level 3. HP: 24/24 MP: 8/8
   710 | D:2      | Learned a level 3 spell: Frozen Ramparts
   714 | D:2      | Learned a level 3 spell: Ozocubu's Armour
   993 | D:2      | Reached skill level 4 in Spellcasting
  1486 | D:3      | Found a stormy altar of Qazlal.
  1518 | D:3      | Reached XP level 4. HP: 30/30 MP: 10/10
  1526 | D:3      | Learned a level 3 spell: Summon Ice Beast
  1585 | D:3      | Found a snail-covered altar of Cheibriados.
  2025 | D:3      | Found a faded altar of an unknown god.
  2199 | D:4      | Noticed Robin
  2217 | D:4      | Killed Robin
  2295 | D:4      | Noticed an ogre
  2481 | D:4      | Killed an ogre
  2482 | D:4      | Reached skill level 5 in Spellcasting
  2482 | D:4      | Reached XP level 5. HP: 4/35 MP: 10/12
  2491 | D:4      | Found a sacrificial altar of Ru.
  3084 | D:4      | Noticed Grinder
  3141 | D:4      | Killed Grinder
  3142 | D:4      | Reached skill level 6 in Spellcasting
  3142 | D:4      | Reached skill level 5 in Ice Magic
  3142 | D:4      | Reached XP level 6. HP: 39/41 MP: 5/15
  3281 | D:4      | Found Comuthra's Serpentskin Sales.
  3369 | D:5      | Entered Level 5 of the Dungeon
  3418 | D:5      | Reached XP level 7. HP: 42/46 MP: 7/17
  3517 | D:5      | Noticed a troll
  3540 | D:4      | Reached skill level 7 in Spellcasting
  3754 | D:5      | Killed a troll
  3884 | D:5      | Reached skill level 8 in Spellcasting
  4100 | D:5      | Reached XP level 8. HP: 52/52 MP: 16/20
  4214 | D:5      | Found an iron altar of Okawaru.
  4520 | D:6      | Killed from afar by a steam dragon

Illustrated notes

Levels and vault maps discovered:
D:1:      mainiacjoe_arrival_oval_in_oval, layout_rooms
D:2:      layout_rooms
D:3:      layout_loops_ring, cheibriados_altar_1, mainiacjoe_overflow_24_doors,
          hellmonk_ecumenical_altar_leap_of_faith, minmay_stone_trees_small,
          serial_bayou_ford_a, minmay_cupped
D:4:      layout_basic, lemuel_doored_altar, minmay_door_square,
          grunt_decor_resistance, guppyfry_shop_venom, uniq_robin, uniq_grinder
D:5:      layout_loops_ring, tso_oasis_becter, okawaru_altar_gauntlet_db,
          minmay_chambers_of_fives
D:6:      layout_layer_cave

Skill      XL: |  1  2  3  4  5  6  7 |
---------------+----------------------+-----
Spellcasting   | 3 4 5 6 8 |  8.0
Ice Magic      | 4 5 6 |  6.6
Dodging        | |  1.5
Stealth        | |  1.5

Action                     |  1- 3 |  4- 6 |  7- 9 || total
---------------------------+-------+-------+-------++-------
  Melee: Unarmed           |     3 |       |       ||     3
         Dagger            |     1 |       |       ||     1
         Whip              |    41 |   107 |    45 ||   193
   Cast: Freeze            |    34 |     8 |     4 ||    46
         Frozen Ramparts   |       |    11 |    10 ||    21
         Ozocubu's Armour  |       |     7 |     5 ||    12
         Summon Ice Beast  |       |     2 |     2 ||     4
    Use: Scroll            |     6 |     1 |     1 ||     8
   Stab: Distracted        |     1 |       |       ||     1
         Sleeping          |     2 |     4 |     2 ||     8
 Armour: Robe              |    37 |    86 |    48 ||   171
  Dodge: Dodged            |    28 |    63 |    35 ||   126

Table legend: (Time is in decaauts)
 A = Elapsed time spent in this place.
 B = Non-inter-level travel time spent in this place.
 C = Inter-level travel time spent in this place.
 D = Time resting spent in this place.
 E = Time spent auto-exploring this place.
 F = Levels seen in this place.
 G = Mean time per level.
                   A        B        C        D        E       F      G
               +--------+--------+--------+--------+--------+-----+--------+
         Total |   4554 |   4388 |    166 |    310 |   3144 |   6 |  759.0 |
       Dungeon |   4554 |   4388 |    166 |    310 |   3144 |   6 |  759.0 |
               +--------+--------+--------+--------+--------+-----+--------+

Top non-repeatable levels by time:
     D:4: 1244 daAuts
     D:3: 1125 daAuts
     D:5: 966 daAuts
     D:1: 700 daAuts
     D:2: 481 daAuts
     D:6: 37 daAuts
